 Dungeon Crawl Stone Soup version 0.21-a0-442-g848f44b (webtiles) character file.

38 kae the Digger (level 3, 0/19 HPs)
             Began as a Gargoyle Earth Elementalist on Nov 14, 2017.
             Slain by a kobold
             ... wielding a +0 dagger
              (2 damage)
             ... on level 2 of the Dungeon.
             The game lasted 00:00:55 (1224 turns).

kae the Digger (Gargoyle Earth Elementalist)        Turns: 1224, Time: 00:00:57

Health: 0/19       AC:  5    Str: 11    XL:     3   Next: 43%
Magic:  5/7        EV: 12    Int: 16    God:
Gold:   55         SH:  0    Dex: 10    Spells: 3/7 levels left

rFire    + . .     SeeInvis .   h - +0 club
rCold    + . .     Gourm    .   (no shield)
rNeg     + . .     Faith    .   c - +0 robe
rPois    ∞         Spirit   .   (no helmet)
rElec    +         Reflect  .   (no cloak)
rCorr    +         Harm     .   (no gloves)
MR       .....                  (no boots)
Stlth    ++........             (no amulet)
HPRegen  0.06/turn              (no ring)
MPRegen  0.10/turn              (no ring)

@: resistant
A: negative energy resistance 1, electricity resistance, unbreathing,
petrification resistance, rot immunity, AC +3
a: no special abilities


You were on level 2 of the Dungeon.
You were not hungry.

You visited 1 branch of the dungeon, and saw 2 of its levels.

You collected 55 gold pieces.

Inventory:

Hand Weapons
 h - a +0 club (weapon)
Missiles
 b - 35 stones (quivered)
Armour
 c - a +0 robe (worn)
Scrolls
 a - a scroll of recharging {unknown}
 g - a scroll of identify {unknown}
 j - a scroll of remove curse {unknown}
 k - a scroll of fear {unknown}
Potions
 i - 2 potions of flight {unknown}
 l - a potion of degeneration {unknown}
Books
 e - a book of Geomancy

   Spells                             Type                      Level
   a - Sandblast                      Earth                        1
   b - Passwall                       Transmutation/Earth          2
   c - Stone Arrow                    Conjuration/Earth            3
   d - Petrify                        Transmutation/Earth          4
   e - Lee's Rapid Deconstruction     Earth                        5
Comestibles
 d - a bread ration
 m - a chunk of flesh


   Skills:
 + Level 0.1 Fighting
 + Level 1.6 Dodging
 - Level 2.1 Stealth
 * Level 2.7 Spellcasting
 * Level 0.5 Conjurations
   Level 0.7 Transmutations
 * Level 4.4 Earth Magic


You had 3 spell levels left.
You knew the following spells:

 Your Spells              Type           Power        Failure   Level  Hunger
a - Sandblast             Erth           ###...       3%          1    #......
b - Stone Arrow           Conj/Erth      ##....       21%         3    ###....


Dungeon Overview and Level Annotations

Branches:
Dungeon (2/15)

Altars:


Innate Abilities, Weirdness & Mutations

You are resistant to torment.
Your stone body is resilient. (AC +3)
You are immune to poison.
You resist negative energy. (rN+)
You are resistant to electric shocks. (rElec)
You can survive without breathing.
You are immune to petrification.
You are immune to rotting.


Message History

The kobold throws a stone.
The stone hits you but does no damage.
You see here a stone.
The adder bites you. The kobold completely misses you.
You hit the adder.
The adder is moderately wounded.
The adder bites you but does no damage. The adder bites you.
* * * LOW HITPOINT WARNING * * *
The kobold hits you but does no damage. The adder barely misses you.
The adder bites you but does no damage.
You closely miss the adder.
The adder is moderately wounded.
The adder bites you.
* * * LOW HITPOINT WARNING * * *
The adder bites you.
* * * LOW HITPOINT WARNING * * *
The kobold closely misses you. The adder completely misses you.
It was a potion of resistance.
You feel protected. The adder closely misses you.
The kobold hits you with a dagger.
You die...

.. ..## . .. ....
.. #. ..# ...
#.#######.###
....#...........#
.
........%.>...#..
#.##.....S......
#.)(.((.@S......
####.....K%..#..
#.........#
##.........#
#......###.###
#.##.##.#### ....
#..........##...#
#.....#..........
....##...........


You could see 2 adders and a kobold.

Vanquished Creatures
  An adder (D:2)
  An ooze (D:1)
  2 leopard geckos (D:1)
  A giant cockroach (D:1)
  A goblin (D:1)
  5 hobgoblins
  4 bats (D:1)
  3 frilled lizards
  2 kobolds (D:1)
  3 rats
23 creatures vanquished.

Notes
Turn   | Place    | Note
-------+----------+-------------------------------------------
     0 | D:1      | kae the Gargoyle Earth Elementalist began the quest for the Orb.
     0 | D:1      | Reached XP level 1. HP: 10/10 MP: 3/3
   289 | D:1      | Reached skill level 4 in Earth Magic
   289 | D:1      | Reached XP level 2. HP: 11/15 MP: 5/5
   811 | D:1      | Reached XP level 3. HP: 16/19 MP: 6/6
   816 | D:1      | Learned a level 3 spell: Stone Arrow
  1224 | D:2      | Slain by a kobold

Vault maps used:
D:1:      saegor_arrival_simple_b, hangedman_decor_diamond_cutter
D:2:      lemuel_zombie_altar_yredelemnul, first_bread

Skill      XL: |  1 |
---------------+----+-----
Earth Magic    | 4 |  4.4
Fighting       | |  0.1
Dodging        | |  1.6
Stealth        | |  2.1
Spellcasting   | |  2.7
Conjurations   | |  0.5
Transmutations | |  0.7

Action                   || total
-------------------------++-------
Melee: Unarmed           ||    21
       Club              ||    84
 Cast: Sandblast         ||     7
       Stone Arrow       ||     1
  Use: Potion            ||     1
 Stab: Sleeping          ||     2
  Eat: Chunk             ||     1
Armor: Robe              ||    46
Dodge: Dodged            ||   103

Table legend:
 A = Spawn XP
 B = Non-spawn XP
 C = Spawn XP percentage of total XP
 D = Spawn monster count
 E = Non-spawn monster count
 F = Spawn count percentage of total count
 G = Total turns spent on level
                    A         B        C        D         E        F      G
               +---------+---------+-------+---------+---------+-------+---------
         Total |       0 |      55 |   0.0 |       0 |      23 |   0.0 |  1224
               +---------+---------+-------+---------+---------+-------+---------
           D:1 |       0 |      34 |   0.0 |       0 |      17 |   0.0 |  1060
           D:2 |       0 |      21 |   0.0 |       0 |       6 |   0.0 |   164
               +---------+---------+-------+---------+---------+-------+---------
